 Dungeon Crawl Stone Soup version 0.31-a0-1-g4198be8af4 (webtiles) character file.

Game seed: 10776218204212957112

12099 Kranky the Fighter (level 11, -1/104 HPs)
             Began as a Minotaur Berserker on May 1, 2023.
             Was a High Priest of Trog.
             Killed from afar by a starcursed mass (10 damage)
             ... with an accursed screaming
             ... on level 2 of the Abyss.
             The game lasted 00:31:14 (10033 turns).

Kranky the Fighter (Minotaur Berserker)            Turns: 10033, Time: 00:31:15

Health: -1/104     AC: 13    Str: 26    XL:     11   Next: 58%
Magic:  10/10      EV: 12    Int:  4    God:    Trog [*****.]
Gold:   1387       SH: 15    Dex: 10    Spells: 10/10 levels left

rFire   + . .        c - +3 spear (venom)
rCold   + . .        M - +0 tower shield
rNeg    . . .        z - +3 leather armour {rC+}
rPois   +            (helmet restricted)
rElec   .            X - +2 cloak {Will+}
rCorr   .            P - +0 pair of gloves
SInv    .            I - +0 pair of boots
Will    +....        l - amulet of regeneration
Stlth   +            K - ring of protection from fire
HPRegen 1.17/turn    W - ring of poison resistance
MPRegen 0.12/turn

%: no passive effects
@: no status effects
A: horns 2, retaliatory headbutt
a: Renounce Religion, Berserk, Trog's Hand, Brothers in Arms


You were on level 2 of the Abyss.
You worshipped Trog.
Trog was extremely pleased with you.
You visited 2 branches of the dungeon, and saw 13 of its levels.
You visited the Abyss 1 time.

You collected 1387 gold pieces.

Inventory:

Hand Weapons
 c - a +3 spear of venom (weapon)
 A - a +2 dagger of venom
 C - the +7 quarterstaff of Starshine {flame, Int+4}
   (You found it on level 4 of the Dungeon)

   Int:       It affects your intelligence (+4).
 R - the +1 hand axe "Toufeute" {freeze, Will+}
   (You found it on level 9 of the Dungeon)

   Will:      It increases your willpower.
Missiles
 f - a throwing net
 p - 26 poisoned darts (quivered)
Armour
 z - a +3 leather armour of cold resistance (worn)
 I - a +0 pair of boots (worn)
 M - a +0 tower shield (worn)
 P - a +0 pair of gloves (worn)
 X - a +2 cloak of willpower (worn)
 Y - a +0 cloak of preservation
Jewellery
 l - an amulet of regeneration (around neck)
 E - a ring of magical power
 K - a ring of protection from fire (left hand)
 Q - a ring of protection from fire
 S - a +6 ring of intelligence
 W - a ring of poison resistance (right hand)
Wands
 k - a wand of flame (18)
 n - a wand of iceblast (12)
 u - a wand of digging (4)
 D - a wand of charming (9)
 V - a wand of mindburst (7)
Scrolls
 a - a scroll of identify
 e - 2 scrolls of magic mapping
 g - 2 scrolls of brand weapon
 h - a scroll of blinking {unknown}
 m - a scroll of fog
 o - a scroll of poison
 t - 3 scrolls of enchant weapon
 v - 3 scrolls of immolation {unknown}
 w - 2 scrolls of amnesia {unknown}
 x - 7 scrolls of teleportation
 y - a scroll of torment
 B - a scroll of vulnerability {unknown}
 J - a scroll of noise {unknown}
 T - a scroll of silence {unknown}
 U - a scroll of enchant armour {unknown}
Potions
 b - 3 potions of attraction
 d - 2 potions of lignification
 i - 8 potions of curing
 j - a potion of mutation
 q - 2 potions of berserk rage
 r - a potion of heal wounds
 s - a potion of cancellation
 F - a potion of haste
 G - a potion of flight
 H - a potion of resistance
 L - 2 potions of might
 N - a potion of magic {unknown}
 O - 2 potions of brilliance {unknown}


   Skills:
 + Level 12.1 Fighting
 - Level 0.6(2.7) Maces & Flails
 + Level 9.1(9.6) Polearms
 - Level 4.3(7.3) Staves
 + Level 9.1 Armour
 - Level 8.0 Dodging
 - Level 10.0 Shields
 * Level 3.7 Evocations


You had 10 spell levels left.
You didn't know any spells.
Your spell library was empty.

Dungeon Overview and Level Annotations

Branches:
Dungeon (12/15)            Temple (1/1) D:5            Lair (0/5) D:10
    Orc: D:9-12

Altars:
Cheibriados
Kikubaaqudgha
Makhleb
Qazlal
Ru
Vehumet
Wu Jian
Xom
The Shining One


Innate Abilities, Weirdness & Mutations

You have a pair of horns on your head.
You reflexively headbutt those who attack you in melee.


Message History

* * * LOW HITPOINT WARNING * * *
You hit the raiju.
The raiju looks as sick as possible!
Your headbutt misses the raiju.
The raiju is severely wounded.
The raiju bursts into living lightning!
The living lightning hits you!
* * * LOW HITPOINT WARNING * * *
The raiju blinks!
A starcursed mass splits.
The raiju barely misses you. A chorus of shrieks assaults your mind.
* * * LOW HITPOINT WARNING * * *
Really quaff the potion of attraction? [Y]es or [N]o only, please.
Really quaff the potion of attraction?
Okay, then.
You feel much better. The raiju misses you. You furiously retaliate!
You headbutt the raiju!
You kill the raiju!
Trog accepts your kill.
An iron imp comes into view.
The iron imp shouts!
A chorus of shrieks assaults your mind.
* * * LOW HITPOINT WARNING * * *
The starcursed mass attacks as you move away!
The starcursed mass touches you!
* * * LOW HITPOINT WARNING * * *
The starcursed mass attacks as you move away!
The starcursed mass closely misses you. You furiously retaliate!
You headbutt the starcursed mass, but do no damage.
A chorus of shrieks assaults your mind.
* * * LOW HITPOINT WARNING * * *
A starcursed mass splits.
A chorus of shrieks assaults your mind.
* * * LOW HITPOINT WARNING * * *
A starcursed mass splits.
A starcursed mass splits.
A deafening chorus of shrieks assaults your mind!
* * * LOW HITPOINT WARNING * * *
A chorus of shrieks assaults your mind.
You die...

#. #. # ...# .#.
.# ..####.#
#.###..#...# .
#.........#...
##.@##.....#
#.##..###
##......#### .
##.#...#..# # .
#.##X..# # # #.
#..#X..#.### ##
#..#.#..#.....# .#
#...#X.#...#.##.##
#.....##.#..#. # .


You could see 2 starcursed masses.

Vanquished Creatures
  The ghost of soul19 the Fighter, a journeyman DsFi of Dithmenos (D:11)
  A manticore (D:11)
  A cyclops (D:7)
  An ugly thing (D:11)
  Maurice (D:9)
  Joseph (D:7)
  A komodo dragon (D:11)
  An unseen horror (D:11)
  4 trolls
  4 raiju (Abyss:2)
  Prince Ribbit (D:5)
  Grinder (D:5)
  A hornet (D:8)
  A shadow (D:11)
  A wyvern (D:7)
  A slime creature (D:7)
  A vampire (D:11)
  A wraith (D:11)
  Eustachio (D:4)
  6 yaks
  A steam dragon (D:9)
  Menkaure (D:7)
  Edmund (D:4)
  Duvessa (D:4)
  2 acid dragons (D:11)
  3 water moccasins
  An ice beast (D:7)
  A sky beast (D:7)
  4 orc warriors
  A black bear (D:6)
  An ogre (D:5)
  4 centaurs
  A phantom (D:6)
  2 kobold brigands (D:9)
  Blork the orc (D:4)
  3 bullfrogs (D:7)
  A gnoll sergeant (D:4)
  4 scorpions
  6 wights (D:7)
  Dowan (D:4)
  9 killer bees (D:9)
  4 howler monkeys
  3 hounds
  A lava snake (D:7)
  6 jellies
  12 orc priests
  3 iguanas
  A sleepcap (D:3)
  Ijyb (D:5)
  4 gnoll boudas
  9 orc wizards
  26 gnolls
  6 adders
  2 shadow imps (D:7)
  A white imp (D:7)
  2 worms
  57 orcs
  6 ball pythons
  8 endoplasms
  5 giant cockroaches
  7 goblins
  6 hobgoblins
  16 jackals
  15 kobolds
  2 quokkas
  2 bats
  3 frilled lizards (D:3)
  3 rats
291 creatures vanquished.

Vanquished Creatures (others)
  2 plants (D:4)
2 creatures vanquished.

Grand Total: 293 creatures vanquished

Notes
Turn   | Place    | Note
-------+----------+-------------------------------------------
     0 | D:1      | Kranky the Minotaur Berserker began the quest for the Orb.
     0 | D:1      | Reached XP level 1. HP: 19/19 MP: 0/0
   135 | D:1      | Reached XP level 2. HP: 27/27 MP: 1/1
   191 | D:1      | Reached skill level 4 in Fighting
   521 | D:2      | Reached XP level 3. HP: 33/33 MP: 2/2
   529 | D:2      | Reached ** piety under Trog
   865 | D:3      | Found a radiant altar of Vehumet.
   939 | D:3      | Reached XP level 4. HP: 38/41 MP: 3/3
   943 | D:3      | Reached skill level 5 in Polearms
  1131 | D:3      | Reached XP level 5. HP: 27/47 MP: 4/4
  1241 | D:3      | Found a faded altar of an unknown god.
  1577 | D:4      | Noticed Blork the orc
  1597 | D:3      | Reached skill level 5 in Fighting
  1649 | D:3      | Reached *** piety under Trog
  1661 | D:4      | Killed Blork the orc
  1662 | D:4      | Reached XP level 6. HP: 52/56 MP: 5/5
  1676 | D:4      | Noticed Eustachio
  1712 | D:4      | Killed Eustachio
  1771 | D:4      | Found an ornate altar of the Wu Jian Council.
  1793 | D:4      | Reached skill level 5 in Armour
  1829 | D:4      | Found an ancient bone altar of Kikubaaqudgha.
  1851 | D:4      | Noticed Edmund
  1863 | D:4      | Killed Edmund
  1864 | D:4      | Reached skill level 6 in Fighting
  1864 | D:4      | Reached XP level 7. HP: 49/63 MP: 6/6
  1908 | D:4      | Identified the +7 quarterstaff of Starshine {flame, Int+4}
  1972 | D:4      | Noticed Dowan
  1974 | D:4      | Noticed Duvessa
  1989 | D:4      | Killed Duvessa
  2001 | D:4      | Killed Dowan
  2230 | D:4      | Reached skill level 7 in Fighting
  2316 | D:4      | Reached XP level 8. HP: 43/73 MP: 7/7
  2444 | D:4      | Reached **** piety under Trog
  2709 | D:4      | Reached skill level 8 in Fighting
  2815 | D:5      | Entered Level 5 of the Dungeon
  2825 | D:5      | Reached skill level 5 in Dodging
  2839 | D:5      | Found a staircase to the Ecumenical Temple.
  2948 | D:5      | Noticed Grinder
  2968 | D:5      | Killed Grinder
  3029 | D:5      | Noticed Prince Ribbit
  3029 | D:5      | Noticed Ijyb
  3034 | D:5      | Killed Ijyb
  3037 | D:5      | Killed Prince Ribbit
  3038 | D:5      | Reached skill level 9 in Fighting
  3038 | D:5      | Reached skill level 1 in Staves
  3135 | D:5      | Reached XP level 9. HP: 81/83 MP: 8/8
  3605 | Temple   | Entered the Ecumenical Temple
  4050 | D:6      | Found a shimmering altar of Xom.
  4631 | D:6      | Identified a scroll of acquirement
  4631 | D:6      | Acquired 670 gold pieces
  4737 | D:7      | Noticed a troll
  4745 | D:6      | Killed a troll
  4802 | D:7      | Reached skill level 10 in Fighting
  4809 | D:7      | Noticed a cyclops
  4811 | D:7      | Reached ***** piety under Trog
  4830 | D:7      | Killed a cyclops
  4833 | D:7      | Reached skill level 5 in Shields
  4915 | D:7      | Reached XP level 10. HP: 94/94 MP: 9/9
  5105 | D:7      | Noticed Menkaure
  5111 | D:7      | Killed Menkaure
  5334 | D:7      | Reached skill level 11 in Fighting
  5660 | D:7      | Noticed Joseph
  5691 | D:7      | Killed Joseph
  6260 | D:8      | Found a burning altar of Makhleb.
  6477 | D:8      | Paralysed by a hornet for 3 turns
  6920 | D:9      | Reached skill level 1 in Evocations
  6978 | D:9      | Identified the +1 hand axe "Toufeute" {freeze, Will+}
  7283 | D:9      | Noticed Maurice
  7316 | D:9      | Killed Maurice
  7745 | D:10     | Entered Level 10 of the Dungeon
  7764 | D:10     | Reached XP level 11. HP: 102/103 MP: 10/10
  7821 | D:10     | Found a staircase to the Lair.
  7840 | D:10     | You fall into a shaft and drop 1 floor!
  8523 | D:11     | Found a runed translucent gate.
  8524 | D:11     | Found a runed translucent gate.
  8524 | D:11     | Noticed soul19's ghost (journeyman DsFi)
  8525 | D:11     | Found a runed translucent gate.
  8602 | D:11     | Noticed a brown ugly thing
  8616 | D:11     | Killed a brown ugly thing
  9389 | D:11     | Killed soul19's ghost
  9390 | D:11     | Reached skill level 10 in Shields
  9911 | D:12     | Reached skill level 12 in Fighting
  9958 | D:12     | Noticed a wizard
  9972 | Abyss:2  | Cast into level 2 of the Abyss (a wizard)
  9979 | Abyss:2  | Found a corrupted altar of Lugonu.
 10001 | Abyss:2  | Noticed a starcursed mass
 10018 | Abyss:2  | HP: 4/104 [starcursed mass/accursed screaming (7)]
 10030 | Abyss:2  | HP: 5/104 [starcursed mass/accursed screaming (6)]
 10033 | Abyss:2  | Killed from afar by a starcursed mass

Illustrated notes

Levels and vault maps discovered:
D:1:      scummos_arrival_simple_fountains, layout_rooms, minivault_25
D:2:      layout_rooms
D:3:      layout_loops_ring, mainiacjoe_overflow_catwalk,
          ebering_ecumenical_altar_rust, grunt_ministairs_7
D:4:      lemuel_castle_with_subvaults [lemuel_castle_interior_original],
          layout_cave_pools, nicolae_wu_jian_wuxing_cycle, lemuel_crystal_altar,
          kennysheep_dice, uniq_blork_the_orc, uniq_edmund, uniq_duvessa,
          uniq_eustachio
D:5:      layout_loops_corners, minmay_temple_entry_hall,
          minmay_misc_feat_enclosed, uniq_grinder, uniq_prince_ribbit1,
          uniq_ijyb
D:6:      dreamdust_elfheim, layout_layer_cave, overflow_temple_1_default,
          minmay_misc_feat_alley
D:7:      cheibrodos_fzero, layout_cave_pods, chequers_decorated_corner,
          kennysheep_pointless_box, chequers_serial_rivers_micro_e,
          minmay_fractal_squares_5, uniq_joseph, uniq_menkaure
D:8:      layout_loops_corners, lemuel_crystal_altar
D:9:      layout_grid_maze, uniq_maurice
D:10:     minmay_curly_fans, layout_cave_pools, fedhas_altar_4,
          mainiacjoe_overflow_alcove_3, lair_entry_dummy, minmay_misc_feat_doors
D:11:     layout_basic, biasface_ghost_orc_armoury
D:12:     layout_loops_cross, orc_0_dummy, uniq_lodul, uniq_gastronok
Temple:   hellmonk_temple_two_chambers
Abyss:2:  base: D:5, patterned_corridor

Skill      XL: |  1  2  3  4  5  6  7  8  9 10 11 |
---------------+----------------------------------+-----
Fighting       | 4 5 6 7 9 10 11 12 | 12.1
Polearms       | 4 5 6 7 9 |  9.1
Armour         | 3 4 5 6 7 8 9 |  9.1
Dodging        | 3 4 6 7 8 |  8.0
Staves         | 2 4 |  4.3
Shields        | 5 8 10 | 10.0
Evocations     | 2 3 |  3.7
Maces & Flails | |  0.6

Action                     |  1- 3 |  4- 6 |  7- 9 | 10-12 || total
---------------------------+-------+-------+-------+-------++-------
  Melee: Spear             |    70 |   122 |       |   489 ||   681
         Headbutt          |     6 |    23 |    33 |   104 ||   166
         Punch             |       |     1 |       |       ||     1
         Dire flail        |       |    47 |   107 |       ||   154
         Quarterstaff      |       |       |    96 |    29 ||   125
 Invoke: Berserk           |       |     1 |     1 |       ||     2
    Use: Potion            |       |       |     1 |     2 ||     3
         Scroll            |       |       |    13 |     4 ||    17
 Armour: Scale mail        |    15 |   107 |       |       ||   122
         Animal skin       |     1 |       |       |       ||     1
         Leather armour    |       |       |   106 |   117 ||   223
  Dodge: Dodged            |    14 |   105 |   214 |   172 ||   505
  Block: Tower shield      |       |       |       |   248 ||   248

Table legend: (Time is in decaauts)
 A = Elapsed time spent in this place.
 B = Non-inter-level travel time spent in this place.
 C = Inter-level travel time spent in this place.
 D = Time resting spent in this place.
 E = Time spent auto-exploring this place.
 F = Levels seen in this place.
 G = Mean time per level.
                   A        B        C        D        E       F      G
               +--------+--------+--------+--------+--------+-----+--------+
         Total |  10139 |   9731 |    408 |    612 |   6836 |  14 |  724.2 |
       Dungeon |  10081 |   9673 |    408 |    612 |   6836 |  12 |  840.1 |
        Temple |      1 |      1 |      0 |      0 |      0 |   1 |    1.0 |
         Abyss |     55 |     55 |      0 |      0 |      0 |   1 |   55.0 |
               +--------+--------+--------+--------+--------+-----+--------+

Top non-repeatable levels by time:
    D:11: 2031 daAuts
     D:4: 1357 daAuts
     D:6: 1172 daAuts
     D:7: 1154 daAuts
     D:8: 897 daAuts
     D:9: 889 daAuts
     D:5: 813 daAuts
     D:3: 747 daAuts
     D:1: 454 daAuts
     D:2: 403 daAuts
    D:10: 92 daAuts
    D:12: 67 daAuts
 Abyss:2: 55 daAuts
  Temple: 1 daAuts
